 Dungeon Crawl Stone Soup version 0.30-a0-852-g08b95dd62f (webtiles) character file.

Game seed: 14916703218224427592

198987 demibob the End of an Era (level 17, -7/142 HPs)
             Began as a Demonspawn Wanderer on Mar 4, 2023.
             Was the Champion of Qazlal.
             Mangled by an orc warlord
             ... wielding a +0 war axe
              (13 damage)
             ... on level 1 of the Vaults.
             The game lasted 00:44:22 (28669 turns).

demibob the End of an Era (Demonspawn Wanderer)    Turns: 28669, Time: 00:44:23

Health: -7/142     AC: 31    Str: 19    XL:     17   Next: 83%
Magic:  29/29      EV: 19    Int: 17    God:    Qazlal [******]
Gold:   2307       SH:  8    Dex: 22    Spells: 16/16 levels left

rFire   . . .      SeeInvis +    a - +7 lajatang (speed)
rCold   . . .      Faith    .    (shield currently unavailable)
rNeg    . . .      Spirit   .    O - +6 scale mail of Wyxitzump {Fly Will+ SInv}
rPois   +          Reflect  .    (helmet restricted)
rElec   .          Rampage  .    b - +0 cloak
rCorr   .                        K - +2 pair of gloves
Will    +++..                    M - +2 pair of boots
Stlth   +                        I - amulet of the acrobat
HPRegen 1.43/turn                m - ring of Jezug {rPois Will+ Str+3 Int+4 Stlth+}
MPRegen 0.21/turn                T - +4 ring of protection

@: protected from physical damage, flying, repel missiles
A: antennae 2, foul stench 3, powered by death 2, big brain 2
}: 1/15 runes: gossamer
a: Renounce Religion, Upheaval, Elemental Force, Disaster Area


You were on level 1 of the Vaults.
You worshipped Qazlal.
Qazlal was exalted by your worship.
You visited 5 branches of the dungeon, and saw 27 of its levels.
You also visited: Gauntlet.

You collected 2577 gold pieces.
You spent 270 gold pieces at shops.


Innate Abilities, Weirdness & Mutations

You have a pair of antennae on your head.
You frequently emit foul miasma when damaged in melee.
You regenerate health from kills.
You have an extremely huge brain. (Int +4)


   Skills:
 + Level 15.3 Fighting
 - Level 4.1(5.7) Short Blades
 - Level 6.2(6.8) Long Blades
 - Level 14.0 Staves
 - Level 1.7 Ranged Weapons
 + Level 14.2 Armour
 - Level 12.9 Dodging
 - Level 17.2 Invocations
 - Level 1.0 Evocations


You had 16 spell levels left.
You didn't know any spells.
Your spell library contained the following spells:

 Spells                   Type           Power      Damage    Failure   Level
 Apportation              Tloc           0%         N/A       45%         1
 Freeze                   Ice            0%         1d3       45%         1
 Shock                    Conj/Air       0%         1d3       45%         1
 Cigotuvi's Dreadful Rot  Necr/Pois/Air  0%         N/A       61%         2
 Static Discharge         Conj/Air       0%         2-2/arc   61%         2
 Frozen Ramparts          Ice            0%         1d1       83%         3
 Hailstorm                Conj/Ice       0%         3d3       83%         3
 Vhi's Electric Charge    Tloc/Air       0%         N/A       83%         3
 Cause Fear               Hex            0%         N/A       99%         4
 Dispel Undead            Necr           0%         3d6       99%         4
 Ice Form                 Ice/Tmut       0%         N/A       99%         4
 Leda's Liquefaction      Hex/Erth       0%         N/A       99%         4
 Summon Ice Beast         Ice/Summ       0%         N/A       99%         4
 Summon Lightning Spire   Summ/Air       0%         N/A       99%         4
 Alistair's Intoxication  Tmut/Pois      0%         N/A       100%        5
 Arcjolt                  Conj/Air       0%         1d10      100%        5
 Lee's Rapid Deconstruct  Erth           0%         3d4*      100%        5
 Lightning Bolt           Conj/Air       0%         1d11      100%        5
 Death Channel            Necr           0%         N/A       100%        6
 Statue Form              Tmut/Erth      0%         N/A       100%        6
 Dragon Form              Tmut           0%         N/A       100%        7
 Storm Form               Tmut/Air       0%         N/A       100%        7
 Maxwell's Capacitive Co  Air            0%         ∞         100%        8
 Dragon's Call            Summ           0%         N/A       100%        9

Inventory:

Hand Weapons
 a - a +7 lajatang of speed (weapon)
Missiles
 n - 47 poisoned darts
 z - 2 throwing nets {=f}
Armour
 b - a +0 cloak (worn)
 s - the +1 hat "Ohueg" {Harm rF- Int-3 Dex+9}
   (You found it in a Gauntlet)

   Int:       It affects your intelligence (-3).
   Dex:       It affects your dexterity (+9).
   rF:        It makes you vulnerable to fire.
   Harm:      It increases damage dealt and taken.
 C - a scarf of invisibility
 K - a +2 pair of gloves (worn)
 L - +0 fire dragon scales
 M - a +2 pair of boots (worn)
 O - the +6 scale mail of Wyxitzump (worn) {Fly Will+ SInv}
   (You bought it in a shop on level 2 of the Orcish Mines)

   SInv:      It lets you see invisible.
   Fly:       It grants you flight.
   Will:      It increases your willpower.
Jewellery
 m - the ring of Jezug (left hand) {rPois Will+ Str+3 Int+4 Stlth+}
   (You found it in a Gauntlet)

   [ring of poison resistance]

   Str:       It affects your strength (+3).
   Int:       It affects your intelligence (+4).
   rPois:     It protects you from poison.
   Will:      It increases your willpower.
   Stlth:     It makes you more stealthy.
 E - an amulet of faith {!P}
 F - a ring of fire
 I - an amulet of the acrobat (around neck)
 N - a ring of positive energy
 R - a ring of resist corrosion
 S - a +6 ring of strength
 T - a +4 ring of protection (right hand)
 W - a ring of willpower
 Z - a ring of wizardry
Wands
 c - a wand of flame (4) (quivered)
 j - a wand of iceblast (18)
 x - a wand of paralysis (53)
 y - a wand of digging (5)
 P - a wand of mindburst (2)
Scrolls
 e - 2 scrolls of enchant armour
 i - 12 scrolls of identify {@r1}
 l - a scroll of poison
 q - a scroll of enchant weapon
 r - 10 scrolls of teleportation {@r2}
 t - 3 scrolls of brand weapon
 u - 5 scrolls of fog
 D - 2 scrolls of amnesia
 H - a scroll of magic mapping
Potions
 d - 7 potions of brilliance
 f - 2 potions of magic
 g - 4 potions of mutation
 h - a potion of cancellation
 k - a potion of berserk rage {!q}
 p - 3 potions of curing {@q1}
 w - 4 potions of lignification
 A - 2 potions of haste {@q3}
 B - a potion of flight
 G - 2 potions of resistance
 J - 13 potions of ambrosia
 Q - a potion of might
 V - 2 potions of invisibility
Miscellaneous
 o - a condenser vane
 v - a lightning rod (4/4)

Dungeon Overview and Level Annotations

Branches:
Dungeon (15/15)            Temple (0/1) D:5            Lair (5/5) D:11
 Shoals (0/4) Lair:2       Spider (4/4) Lair:2        Slime (0/5) Lair:4
    Orc (2/2) D:11            Elf (0/3) Orc:2        Vaults (1/5) D:14
 Depths (0/4) D:15        Gauntlet (visited)

Altars:
Cheibriados
Fedhas
Gozag
Hepliaklqana
Kikubaaqudgha
Makhleb
Nemelex Xobeh
Okawaru
Qazlal
Sif Muna
Trog
Uskayaw
Vehumet
Wu Jian
Xom
Yredelemnul
Jiyva

Shops:
D:1 *   D:12 [   Orc:2 *!*=[

Portals:
Pandemonium: Orc:2
Trove: D:10 (give 13 potions of heal wounds)

Annotations:
D:4 4 runed translucent doors
Lair:4 exclusion: 2 oklob plants
Spider:2 2 transporters, exclusion: oklob plant, Arachne; Luivetop's ghost, journeyman DgIE; relicbr's ghost, adept SpDe

▒.....+
+.....▒ .▒
▒.....▒ .▒
▒.....▒..+
▒.....▒..▒
▒.§..○'.
▒...°○▒
▒...@o▒
▒..§.§▒
▒.°..○▒
▒▒▒▒▒▒▒▒
▒.....▒
.......▒
▒.....▒
.......▒
▒.....▒
.......▒
▒.....▒
.......▒
▒.....▒
.......▒
▒.....▒


You could see an orc warlord (strong, very poisoned, slow).


Message History

You slash the orc knight!
The orc knight is almost dead.
The orc knight is engulfed in dark miasma.
The orc knight is poisoned.
The orc knight misses you.
The orc warlord is engulfed in dark miasma.
The orc warlord is poisoned.
The orc warlord seems to slow down.
You block the orc warlord's attack.
You hit the orc knight.
The orc knight is almost dead.
The orc warlord is no longer moving slowly.
You hit the orc knight.
You kill the orc knight!
Qazlal accepts your kill.
You barely miss the orc warlord.
The orc warlord is lightly wounded.
The orc warlord is engulfed in dark miasma.
The orc warlord looks even sicker.
The orc warlord hits you with a +0 war axe!!
* * * LOW HITPOINT WARNING * * *
You feel protected from physical attacks.
You slash the orc warlord!
The orc warlord is moderately wounded.
You closely miss the orc warlord.
The orc warlord is moderately wounded.
You closely miss the orc warlord.
The orc warlord is moderately wounded.
The orc warlord is engulfed in dark miasma.
The orc warlord looks even sicker.
The orc warlord seems to slow down.
The orc warlord hits you with a +0 war axe!
You die...

Skill      XL: |  1  2  3  4  5  6  7  8  9 10 11 12 13 14 15 16 17 |
---------------+----------------------------------------------------+-----
Short Blades   | 2 3 4 |  4.1
Long Blades    | 2 4 5 6 |  6.2
Staves         | 3 6 8 10 12 13 14 | 14.0
Armour         | 2 7 10 12 14 | 14.2
Dodging        | 3 6 8 10 12 | 12.9
Invocations    | 13 14 16 17 | 17.2
Fighting       | 8 11 13 15 | 15.3
Ranged Weapons | |  1.7
Evocations     | |  1.0

Action                     |  1- 3 |  4- 6 |  7- 9 | 10-12 | 13-15 | 16-18 || total
---------------------------+-------+-------+-------+-------+-------+-------++-------
  Melee: Rapier            |   112 |    15 |       |       |       |       ||   127
         Punch             |     2 |     2 |       |       |       |       ||     4
         Long sword        |       |   135 |    31 |       |       |       ||   166
         Lajatang          |       |       |   209 |   775 |  1723 |  1159 ||  3866
 Invoke: Elemental Force   |       |       |       |       |     1 |     3 ||     4
         Upheaval          |       |       |       |       |       |     1 ||     1
  Evoke: Wand              |       |       |       |    16 |     1 |       ||    17
         Lightning rod     |       |       |       |       |     3 |       ||     3
         Condenser vane    |       |       |       |       |     2 |     2 ||     4
    Use: Scroll            |     4 |     7 |     3 |    17 |    12 |     4 ||    47
         Potion            |       |       |     4 |     6 |     6 |     9 ||    25
   Stab: Paralysed         |       |       |       |       |     7 |     2 ||     9
         Distracted        |       |       |       |       |       |     2 ||     2
 Armour: Leather armour    |    30 |    52 |    20 |       |       |       ||   102
         Storm dragon scal |       |       |    31 |       |       |       ||    31
         Steam dragon scal |       |       |    26 |    30 |       |       ||    56
         Acid dragon scale |       |       |       |    97 |    68 |       ||   165
         Scale mail        |       |       |       |       |   230 |   368 ||   598
  Dodge: Dodged            |    79 |    88 |   101 |   438 |   848 |   701 ||  2255
         Repelled          |       |       |       |       |     8 |     3 ||    11
  Block: Other             |     3 |    21 |    43 |   151 |   389 |   327 ||   934

Levels and vault maps discovered:
D:1:      ncdulo_wetmaze, layout_basic, serial_shops, nicolae_diamond_shop,
          st_stairs_13
D:2:      kennysheep_six_static_rooms, layout_basic,
          shapermc_ecumenical_altar_rom_forum, due_unseen_surprise
D:3:      layout_rooms, lemuel_coloured_pillars_altar, minitemple,
          nrook_mini_backslash, nicolae_underground_beach
D:4:      layout_basic, nemelex_altar_shiori, fedhas_altar_2,
          minmay_hollow_rounded_squares
D:5:      layout_cave_pools, grunt_temple_overflow_lords_of_destruction,
          worldfamousw_hep_ancestral_shrine, minmay_temple_entry_water_ring,
          uniq_blork_the_orc
D:6:      layout_basic
D:7:      layout_loops_cross, mainiacjoe_overflow_brackets,
          kb_lookout_dungeons_type
D:8:      layout_basic
D:9:      minmay_statue_hallways, layout_loops_ring, kennysheep_mini_moat,
          mainiacjoe_overflow_chevrons
D:10:     layout_basic, grunt_temple_overflow_bloody_war,
          mainiacjoe_overflow_tiny_flanked, mainiacjoe_overflow_paths,
          nicolae_trove_entry_crossroad
D:11:     layout_roguey, erik_lair_orcish_takeover, erik_orc_2,
          serial_park_tiny_pond, minmay_unpleasant_kobolds
D:12:     layout_irregular_city, serial_shops, shop,
          nicolae_qazlal_scattered_showers
D:13:     layout_rooms
D:14:     layout_loops_corners, david_vaults_3, serial_aquarium,
          aquarium_bridge_square [aquarium_subvault_bridge,
          aquarium_subvault_window, aquarium_subvault_balcony,
          aquarium_subvault_bridge], aquarium_window_1, aquarium_window_2,
          aquarium_view_4, aquarium_pool_corner, kennysheep_generic_room_16
D:15:     gammafunk_depths_entry_grave, layout_long_grid,
          nicolae_uskayaw_dance_hall
Lair:1:   layout_cave_shapes, special_room [special_room_bee],
          nicolae_quartered_pool_little, st_stairs_13, uniq_gastronok
Lair:2:   mu_elephants_graveyard, layout_gridlike,
          minmay_shoals_entry_lonely_mermaid, spider_nest_entry_rubble,
          gauntlet_entry_generic, uniq_sonja
Lair:3:   layout_regular_city, grunt_megastairs_5
Lair:4:   layout_loops_ring, minmay_slime_entry_oklob_open,
          serial_bayou_shore_a, infiniplex_staircase_pool_2, grunt_megastairs_2
Lair:5:   guppyfry_lair_end_dragon, layout_regular_city,
          hangedman_lair_tendril_chambers, chequers_serial_rivers_marsh,
          guppyfry_lair_drakes
Spider:1: layout_spider_delve, nicolae_spider_spiderdrome
Spider:2: layout_chambers, nzn_ghost_randoct
Spider:3: layout_chambers, nicolae_spider_cling_halls, uniq_louise, uniq_arachne
Spider:4: johnstein_spider_rune_arachne_lair
Orc:1:    layout_diamond_mine
Orc:2:    pf_orc_diabolical, layout_caves, special_room, roderic_batcave,
          nicolae_shop_gadgets, uniq_nessos
Vaults:1: v_alt_pattern_1, v_alt_pattern_3, vaults_room_boxed,
          ontoclasm_vaults_eye, hangedman_vaults_stitches,
          grunt_vaults_hallway_short, nicolae_vaults_what_the_h,
          hangedman_vaults_slice, v_misc_1, vaults_dpeg_cross,
          vaults_dpeg_hooks, vaults_dpeg_emergency_exit, vaults_room_hallway,
          layout_vaults_big_cross, serial_shops, nicolae_square_shop

Notes
Turn   | Place    | Note
-------+----------+-------------------------------------------
     0 | D:1      | demibob the Demonspawn Wanderer began the quest for the
                  | Orb.
     0 | D:1      | demibob set off with the following items: a +0 rapier, a +0
                  | sling, a wand of flame (5), a potion of brilliance, a +0
                  | leather armour.
     0 | D:1      | Reached XP level 1. HP: 18/18 MP: 1/1
    38 | D:1      | Reached skill level 2 in Short Blades
    66 | D:1      | Found Kadigun's Assorted Antiques.
    99 | D:1      | Gained mutation: You may rarely emit foul miasma when
                  | damaged in melee. [demonic ancestry]
    99 | D:1      | Reached XP level 2. HP: 24/24 MP: 2/2
   449 | D:1      | Reached skill level 3 in Short Blades
  1050 | D:2      | Found a faded altar of an unknown god.
  1059 | D:2      | Got Plato's Excursus on Air
  1077 | D:2      | Gained mutation: You sometimes emit foul miasma when
                  | damaged in melee. [demonic ancestry]
  1077 | D:2      | Reached XP level 3. HP: 29/29 MP: 3/3
  1087 | D:2      | Prayed at the altar of an unknown god.
  1087 | D:2      | Became a worshipper of Qazlal Stormbringer
  1087 | D:2      | Reached * piety under Qazlal
  1372 | D:2      | Reached ** piety under Qazlal
  1445 | D:2      | Reached skill level 4 in Short Blades
  1445 | D:2      | Reached XP level 4. HP: 19/35 MP: 4/4
  2019 | D:3      | Reached skill level 1 in Long Blades
  2227 | D:3      | Found a basalt altar of Yredelemnul.
  2342 | D:3      | Reached skill level 2 in Long Blades
  2342 | D:3      | Gained mutation: You have an unusually large brain. (Int
                  | +2) [demonic ancestry]
  2342 | D:3      | Reached XP level 5. HP: 16/41 MP: 5/5
  2520 | D:3      | Found an opulent altar of Gozag.
  2826 | D:4      | Reached skill level 3 in Long Blades
  3022 | D:4      | Reached skill level 4 in Long Blades
  3022 | D:4      | Gained mutation: You regenerate a little health from kills.
                  | [demonic ancestry]
  3022 | D:4      | Reached XP level 6. HP: 36/47 MP: 3/6
  3110 | D:4      | Found a large runed translucent door.
  3110 | D:4      | Found a large runed translucent door.
  3240 | D:4      | Noticed an orc warrior
  3263 | D:4      | Found a sparkling altar of Nemelex Xobeh.
  3296 | D:4      | Reached *** piety under Qazlal
  3405 | D:4      | Reached skill level 5 in Long Blades
  3724 | D:4      | Found a blossoming altar of Fedhas.
  3747 | D:4      | Gained mutation: You have a pair of small antennae on your
                  | head. [demonic ancestry]
  3747 | D:4      | Reached XP level 7. HP: 52/52 MP: 7/7
  3843 | D:4      | Found a large runed translucent door.
  3843 | D:4      | Found a large runed translucent door.
  3887 | D:4      | Reached skill level 6 in Long Blades
  4123 | D:4      | Identified a scroll of acquirement
  4123 | D:4      | Acquired a +4 lajatang of speed
  4161 | D:5      | Entered Level 5 of the Dungeon
  4179 | D:5      | Reached skill level 1 in Staves
  4200 | D:5      | Reached skill level 2 in Staves
  4215 | D:5      | Reached skill level 3 in Staves
  4266 | D:5      | Found a staircase to the Ecumenical Temple.
  4275 | D:5      | Noticed Blork the orc
  4283 | D:5      | Killed Blork the orc
  4354 | D:5      | Reached XP level 8. HP: 45/58 MP: 4/8
  4461 | D:5      | Reached skill level 4 in Staves
  4528 | D:5      | Found a burning altar of Makhleb.
  4529 | D:5      | Found a radiant altar of Vehumet.
  4620 | D:5      | Found a hazy altar of Hepliaklqana.
  4942 | D:6      | Reached skill level 5 in Staves
  4942 | D:6      | Reached skill level 2 in Armour
  5190 | D:6      | Reached skill level 1 in Dodging
  5595 | D:6      | Reached skill level 2 in Dodging
  5756 | D:6      | Identified the +9 whip "Oluneygoi" {speed, Fly rF+ rCorr}
  5913 | D:7      | Reached skill level 6 in Staves
  6065 | D:7      | Reached skill level 3 in Dodging
  6065 | D:7      | Reached XP level 9. HP: 63/63 MP: 9/9
  6071 | D:7      | Reached **** piety under Qazlal
  6387 | D:7      | Found an ornate altar of the Wu Jian Council.
  6416 | D:7      | You fall into a shaft and drop 3 floors!
  6416 | D:10     | Entered Level 10 of the Dungeon
  6520 | D:10     | Noticed a gargoyle
  6526 | D:10     | Killed a gargoyle
  6555 | D:9      | Reached skill level 4 in Dodging
  6629 | D:9      | Reached skill level 7 in Staves
  6676 | D:9      | Found a snail-covered altar of Cheibriados.
  6684 | D:9      | Noticed a two-headed ogre
  6693 | D:9      | Reached skill level 5 in Dodging
  6710 | D:9      | Reached skill level 8 in Staves
  6721 | D:9      | Reached skill level 6 in Dodging
  6730 | D:9      | Reached XP level 10. HP: 41/70 MP: 4/10
  6735 | D:9      | Killed a two-headed ogre
  6975 | D:8      | Reached skill level 9 in Staves
  6975 | D:8      | Reached skill level 7 in Dodging
  8100 | D:9      | Found a shimmering altar of Xom.
  8281 | D:9      | Noticed an orange crystal statue
  8317 | D:9      | Killed an orange crystal statue
  8318 | D:9      | Reached skill level 8 in Dodging
  8459 | D:9      | Identified a potion of resistance
  8657 | D:10     | Noticed a two-headed ogre
  8676 | D:10     | Reached skill level 10 in Staves
  8684 | D:10     | Killed a two-headed ogre
  8684 | D:10     | Reached ***** piety under Qazlal
  8817 | D:10     | Identified the +1 leather armour "Woef" {rN+++ Str-3 Dex-2
                  | Slay+3}
  8890 | D:10     | Noticed an orange demon
  8900 | D:10     | Reached XP level 11. HP: 58/75 MP: 9/11
  8940 | D:10     | Reached skill level 9 in Dodging
  8964 | D:10     | Found an ancient bone altar of Kikubaaqudgha.
  9117 | D:10     | Found a shimmering blue altar of Sif Muna.
  9281 | D:10     | Reached skill level 11 in Staves
  9340 | D:10     | Found an iron altar of Okawaru.
  9340 | D:10     | Found a bloodstained altar of Trog.
  9486 | D:10     | Found a portal to a secret trove of treasure.
  9820 | D:11     | Reached skill level 10 in Dodging
  9838 | D:11     | Found a staircase to the Lair.
 10455 | D:11     | Found a staircase to the Orcish Mines.
 10532 | Lair:1   | Entered Level 1 of the Lair of Beasts
 10824 | Lair:1   | Noticed Gastronok
 10844 | Lair:1   | Killed Gastronok
 10845 | Lair:1   | Reached skill level 12 in Staves
 11029 | Lair:1   | Reached XP level 12. HP: 75/81 MP: 12/12
 11444 | Lair:2   | Reached skill level 11 in Dodging
 11466 | Lair:2   | Reached ****** piety under Qazlal
 11540 | Lair:2   | Found a gate leading to a gauntlet.
 11548 | Lair:2   | Noticed Sonja
 11549 | Gauntlet | Entered a Gauntlet
 11549 | Gauntlet | Found a transporter.
 11563 | Gauntlet | Noticed a blizzard demon
 11661 | Gauntlet | Found a transporter.
 11664 | Gauntlet | Found a transporter.
 11668 | Gauntlet | Found a transporter.
 11672 | Gauntlet | Found a transporter.
 11672 | Gauntlet | Found a transporter.
 11673 | Gauntlet | Noticed a death scarab
 11675 | Gauntlet | Noticed a death scarab
 11676 | Gauntlet | Noticed a great orb of eyes
 11677 | Gauntlet | Found a transporter.
 11679 | Gauntlet | Found a transporter.
 11705 | Gauntlet | Found a transporter.
 11722 | Gauntlet | Found a transporter.
 11726 | Gauntlet | Found a transporter.
 11728 | Gauntlet | Found a runed translucent gate.
 11728 | Gauntlet | Found a runed translucent gate.
 11728 | Gauntlet | Found a runed translucent gate.
 11734 | Gauntlet | Found a transporter.
 11925 | Gauntlet | Identified the ring of Jezug {rPois Will+ Str+3 Int+4
                  | Stlth+}
 11973 | Gauntlet | Identified the +1 hat "Ohueg" {Harm rF- Int-3 Dex+9}
 12044 | Gauntlet | Noticed a minotaur
 12063 | Gauntlet | Killed a minotaur
 12072 | Gauntlet | Identified the +2 broad axe of Cakloa {heavy, Stlth+}
 12139 | Lair:2   | Reached skill level 13 in Staves
 12147 | Lair:2   | Reached skill level 12 in Dodging
 12166 | Lair:2   | Killed Sonja
 12263 | Lair:2   | Noticed a dire elephant
 12295 | Lair:2   | Killed a dire elephant
 12345 | Lair:2   | Gained mutation: You have a pair of antennae on your head.
                  | [demonic ancestry]
 12345 | Lair:2   | Reached XP level 13. HP: 59/86 MP: 13/13
 12411 | Lair:2   | Found a staircase to the Shoals.
 12488 | Lair:2   | Reached skill level 14 in Staves
 12488 | Lair:2   | Reached skill level 2 in Invocations
 12760 | Lair:2   | Found a hole to the Spider Nest.
 13117 | Lair:3   | Reached skill level 3 in Invocations
 13131 | Lair:3   | Reached skill level 4 in Invocations
 13282 | Lair:3   | Reached skill level 5 in Invocations
 13607 | Lair:3   | Reached skill level 6 in Invocations
 14079 | Lair:4   | Found a staircase to the Slime Pits.
 14099 | Lair:4   | Reached skill level 7 in Invocations
 14282 | Lair:4   | Reached skill level 8 in Invocations
 14435 | Lair:4   | Found a viscous altar of Jiyva.
 14978 | Lair:5   | Entered Level 5 of the Lair of Beasts
 15014 | Lair:5   | Reached skill level 9 in Invocations
 15080 | Lair:5   | Reached skill level 10 in Invocations
 15292 | Lair:5   | Reached skill level 11 in Invocations
 15356 | Lair:5   | Reached skill level 12 in Invocations
 15567 | Lair:5   | Reached skill level 13 in Invocations
 15674 | Lair:5   | Gained mutation: You have an extremely huge brain. (Int +4)
                  | [demonic ancestry]
 15674 | Lair:5   | Reached XP level 14. HP: 87/93 MP: 24/24
 15885 | Lair:5   | Reached skill level 14 in Invocations
 16674 | Orc:1    | Entered Level 1 of the Orcish Mines
 16736 | Orc:2    | Entered Level 2 of the Orcish Mines
 16864 | Orc:2    | Found Gauzuzo's Gadget Gallery.
 16865 | Orc:2    | Noticed Nessos
 16878 | Orc:2    | Killed Nessos
 16879 | Orc:2    | Reached skill level 3 in Armour
 17191 | Orc:2    | Found Junoa's Distillery.
 17217 | Orc:2    | Found Lussah's General Store.
 17224 | Orc:2    | Reached skill level 4 in Fighting
 17267 | Orc:2    | Reached skill level 4 in Armour
 17344 | Orc:2    | Found a staircase to the Elven Halls.
 17543 | Orc:2    | Paralysed by an orc sorcerer for 5 turns
 17548 | Orc:2    | HP: 3/93 [orc warrior/+0 battleaxe (8)]
 17562 | Orc:2    | Paralysed by an orc sorcerer for 3 turns
 17575 | Orc:2    | Reached skill level 5 in Fighting
 17989 | Orc:2    | Reached skill level 5 in Armour
 18176 | Orc:2    | Reached skill level 6 in Fighting
 18253 | Orc:2    | Reached skill level 6 in Armour
 18301 | Orc:2    | Found Okor's Jewellery Shop.
 18301 | Orc:2    | Found Piotz's Antique Armour Boutique.
 18302 | Orc:2    | Found a one-way gate leading to the halls of Pandemonium.
 18328 | Orc:2    | Bought a heavily runed scale mail for 270 gold pieces
 18328 | Orc:2    | Identified the +6 scale mail of Wyxitzump {Fly Will+ SInv}
                  | (You bought it in a shop on level 2 of the Orcish Mines)
 18854 | D:12     | Reached skill level 7 in Fighting
 18997 | D:12     | Found Gowezuge's Antique Armour Shoppe.
 19043 | D:12     | Found a stormy altar of Qazlal.
 19315 | D:12     | Reached skill level 7 in Armour
 19709 | D:13     | Reached skill level 8 in Fighting
 19726 | D:13     | Gained mutation: You regenerate health from kills. [demonic
                  | ancestry]
 19726 | D:13     | Reached XP level 15. HP: 110/110 MP: 26/26
 20261 | D:14     | Reached skill level 8 in Armour
 20328 | D:14     | Reached skill level 9 in Fighting
 20328 | D:14     | Noticed Rupert
 20359 | D:14     | Killed Rupert
 20853 | D:14     | Found a gate to the Vaults.
 21256 | D:15     | Entered Level 15 of the Dungeon
 21297 | D:15     | Reached skill level 9 in Armour
 21319 | D:15     | Found a staircase to the Depths.
 21518 | D:15     | Reached skill level 10 in Fighting
 21674 | D:15     | Found a hide-covered altar of Uskayaw.
 22424 | Spider:1 | Entered Level 1 of the Spider Nest
 22434 | Lair:2   | Reached skill level 10 in Armour
 22501 | Lair:2   | Reached skill level 11 in Fighting
 22706 | Lair:2   | Upgraded the game from 0.30-a0-847-g17996783a1 to
                  | 0.30-a0-852-g08b95dd62f
 23396 | Spider:2 | Gained mutation: You frequently emit foul miasma when
                  | damaged in melee. [demonic ancestry]
 23396 | Spider:2 | Reached XP level 16. HP: 63/126 MP: 21/27
 23471 | Spider:2 | Reached skill level 11 in Armour
 23586 | Spider:2 | Reached skill level 12 in Fighting
 23737 | Spider:2 | Found a transporter.
 23761 | Spider:2 | Noticed relicbr's ghost (adept SpDe)
 23772 | Spider:2 | Noticed Luivetop's ghost (journeyman DgIE)
 23779 | Spider:2 | Noticed Arachne
 23949 | Spider:2 | Found a transporter.
 24940 | Spider:3 | Reached skill level 13 in Fighting
 24940 | Spider:3 | Reached skill level 12 in Armour
 24958 | Spider:3 | Reached skill level 15 in Invocations
 25213 | Spider:3 | Noticed Louise
 25241 | Spider:3 | Killed Louise
 26232 | Spider:4 | Entered Level 4 of the Spider Nest
 26671 | Spider:4 | Paralysed by a jorogumo for 1 turns
 26720 | Spider:4 | Reached skill level 16 in Invocations
 26776 | Spider:4 | Reached XP level 17. HP: 120/138 MP: 10/29
 26867 | Spider:4 | Reached skill level 14 in Fighting
 26889 | Spider:4 | Reached skill level 13 in Armour
 27420 | Spider:4 | Got a gossamer rune of Zot
 27764 | Vaults:1 | Entered Level 1 of the Vaults
 27841 | Vaults:1 | HP: 5/140 [dire elephant (17)]
 27847 | Vaults:1 | HP: 11/140 [dire elephant (9)]
 28124 | Vaults:1 | Reached skill level 17 in Invocations
 28434 | Vaults:1 | Reached skill level 15 in Fighting
 28498 | Vaults:1 | Reached skill level 14 in Armour
 28666 | Vaults:1 | HP: 4/142 [orc warlord/+0 war axe (33)]
 28669 | Vaults:1 | Mangled by an orc warlord

Vanquished Creatures
  Rupert (D:14)
  Gastronok (Lair:1)
  2 emperor scorpions (Spider:4)
  Louise (Spider:3)
  6 ghost moths
  A juggernaut zombie (D:15)
  2 orc warlords (Vaults:1)
  A broodmother (Spider:3)
  A war gargoyle (Vaults:1)
  4 ironbound preservers (Vaults:1)
  Nessos (Orc:2)
  A minotaur (Gauntlet)
  5 dire elephants
  A crystal guardian (Vaults:1)
  3 entropy weavers
  A fire dragon (Lair:5)
  A yaktaur captain (Vaults:1)
  A great orb of eyes (Vaults:1)
  A peacekeeper (Vaults:1)
  A hydra (Lair:3)
  5 jorogumos
  2 spriggan skeletons (D:15)
  3 boulder beetles
  2 demonspawn (Orc:2)
  12 centaur warriors
  3 two-headed ogres
  9 orc high priests (Orc:2)
  Sonja (Lair:2)
  A fire crab (Gauntlet)
  5 pharaoh ants
  4 sun moths
  13 deep trolls (Vaults:1)
  7 skeletal warriors (D:15)
  12 orb spiders
  A flayed ghost (D:15)
  6 steelbarb worms
  A swamp dragon (Lair:5)
  3 ironbound convokers (Vaults:1)
  An orange crystal statue (D:9)
  A wizard (Vaults:1)
  3 orc sorcerers
  A necromancer (D:15)
  A deep elf pyromancer (D:15)
  13 orc knights
  A frost giant zombie (D:15)
  5 cyclopes
  30 wolf spiders
  A salamander (shapeshifter) (D:14)
  14 ugly things
  3 manticores
  17 elephants
  A merfolk siren (Lair:2)
  5 moths of wrath
  A guardian serpent (shapeshifter) (D:15)
  10 black mambas
  9 torpor snails
  3 gargoyles
  A guardian serpent (Lair:5)
  2 orange demons (Orc:2)
  11 cane toads
  2 smoke demons (Orc:2)
  14 demonic crawlers
  An unseen horror (D:11)
  5 rime drakes (Lair:5)
  2 freezing wraiths
  2 kobold demonologists (D:10)
  5 komodo dragons
  A tengu conjurer (D:14)
  7 meliai
  A polar bear (Lair:5)
  A queen bee (Lair:1)
  7 trolls
  12 tarantellas
  5 hornets
  13 blink frogs
  30 slime creatures
  22 culicivoras
  34 jumping spiders
  4 wraiths
  A centaur simulacrum (Gauntlet)
  A shadow (D:13)
  9 wyverns
  15 humans (D:14)
  6 fire bats (Gauntlet)
  43 yaks
  A spriggan (Lair:2)
  3 basilisks
  A redback simulacrum (Gauntlet)
  17 vampire mosquitoes
  2 steam dragons
  46 redbacks
  5 wargs
  A harpy simulacrum (Gauntlet)
  25 water moccasins
  5 acid dragons
  A hell hound (Gauntlet)
  3 ice beasts
  A meliai simulacrum (Gauntlet)
  3 sky beasts
  30 orc warriors
  3 ogres
  5 boggarts (D:15)
  8 centaurs
  Blork the orc (D:5)
  4 kobold brigands
  13 bullfrogs
  3 scorpions
  A hornet simulacrum (Gauntlet)
  17 killer bees
  3 vampire bats (Orc:2)
  4 howler monkeys
  2 electric eels
  A crimson imp (D:5)
  A jelly (D:5)
  28 orc priests
  2 gnoll boudas
  3 hounds
  13 iguanas
  23 orc wizards
  A sleepcap (D:7)
  8 adders
  6 gnolls
  A shadow imp (D:4)
  A white imp (D:7)
  A worm (D:3)
  3 dart slugs
  78 orcs
  6 ball pythons
  8 endoplasms
  A giant cockroach (D:1)
  12 goblins
  8 hobgoblins
  9 jackals
  4 quokkas
  16 bats
  3 frilled lizards
  37 kobolds
  6 rats
991 creatures vanquished.

Vanquished Creatures (collateral kills)
  A sun moth (Spider:2)
  2 steelbarb worms (Spider:4)
  A wizard (Vaults:1)
  A wolf spider (Spider:2)
  5 redbacks
10 creatures vanquished.

Vanquished Creatures (others)
  A ghost moth (Spider:4)
  An entropy weaver (Spider:4)
  A kobold demonologist (D:11)
  A human (D:14)
  A redback (Spider:4)
  An orc priest (Orc:2)
  An orc (D:11)
  A bush (D:7)
  79 fungi
  80 plants
  11 withered plants (D:15)
178 creatures vanquished.

Grand Total: 1179 creatures vanquished

Table legend: (Time is in decaauts)
 A = Elapsed time spent in this place.
 B = Non-inter-level travel time spent in this place.
 C = Inter-level travel time spent in this place.
 D = Time resting spent in this place.
 E = Time spent auto-exploring this place.
 F = Levels seen in this place.
 G = Mean time per level.
                   A        B        C        D        E       F      G
               +--------+--------+--------+--------+--------+-----+--------+
         Total |  26657 |  25151 |   1506 |   2376 |  17911 |  28 |  952.0 |
       Dungeon |  13556 |  12722 |    834 |    711 |   9734 |  15 |  903.7 |
          Lair |   5546 |   5235 |    311 |    475 |   3870 |   5 | 1109.2 |
   Spider Nest |   4402 |   4193 |    209 |    449 |   2853 |   4 | 1100.5 |
  Orcish Mines |   1910 |   1759 |    151 |    447 |    941 |   2 |  955.0 |
        Vaults |    706 |    706 |      0 |    294 |    219 |   1 |  706.0 |
      Gauntlet |    535 |    535 |      0 |      0 |    294 |   1 |  535.0 |
               +--------+--------+--------+--------+--------+-----+--------+

Top non-repeatable levels by time:
Spider:3: 1633 daAuts
     D:4: 1612 daAuts
  Lair:5: 1407 daAuts
   Orc:2: 1339 daAuts
  Lair:2: 1275 daAuts
    D:14: 1166 daAuts
    D:10: 1101 daAuts
Spider:2: 1096 daAuts
     D:6: 1063 daAuts
     D:9: 1018 daAuts
    D:11: 1010 daAuts
  Lair:1: 1006 daAuts
Spider:4: 1004 daAuts
  Lair:3: 950 daAuts
     D:1: 945 daAuts

Table legend:
 A = Non-vault XP
 B = Vault XP
 C = Vault XP percentage of total XP
 D = Non-vault monster count
 E = Vault monster count
 F = Vault count percentage of total count
                 A         B        C        D         E       F
            +---------+---------+-------+---------+---------+-------
      Total |  168659 |  108809 |  39.2 |     679 |     326 |  32.4
            +---------+---------+-------+---------+---------+-------
        D:1 |      34 |       0 |   0.0 |      18 |       0 |   0.0
        D:2 |      48 |      22 |  31.4 |      22 |       6 |  21.4
        D:3 |      92 |       0 |   0.0 |      22 |       0 |   0.0
        D:4 |     552 |     234 |  29.8 |      25 |      10 |  28.6
        D:5 |     479 |     142 |  22.9 |      14 |       2 |  12.5
        D:6 |     891 |       0 |   0.0 |      18 |       0 |   0.0
        D:7 |     369 |     112 |  23.3 |      14 |       1 |   6.7
        D:8 |    1528 |       0 |   0.0 |      28 |       0 |   0.0
        D:9 |    3846 |     632 |  14.1 |      28 |       1 |   3.4
       D:10 |    6225 |     130 |   2.0 |      39 |       1 |   2.5
       D:11 |    2368 |    1394 |  37.1 |      16 |      34 |  68.0
       D:12 |    6620 |       0 |   0.0 |      27 |       0 |   0.0
       D:13 |    9167 |       0 |   0.0 |      30 |       0 |   0.0
       D:14 |    5422 |    7629 |  58.5 |      13 |      21 |  61.8
       D:15 |   11684 |    5681 |  32.7 |      26 |       8 |  23.5
     Lair:1 |     423 |    2864 |  87.1 |       4 |      15 |  78.9
     Lair:2 |   11868 |   10827 |  47.7 |      38 |      21 |  35.6
     Lair:3 |    3731 |     452 |  10.8 |      12 |       1 |   7.7
     Lair:4 |    2197 |     289 |  11.6 |       9 |       2 |  18.2
     Lair:5 |    6543 |   15331 |  70.1 |      20 |      55 |  73.3
   Spider:1 |    6217 |       0 |   0.0 |      17 |       0 |   0.0
   Spider:2 |   21650 |       0 |   0.0 |      59 |       0 |   0.0
   Spider:3 |   22742 |    1204 |   5.0 |      58 |       1 |   1.7
   Spider:4 |   12580 |   25360 |  66.8 |      32 |      44 |  57.9
      Orc:1 |    2813 |       0 |   0.0 |      42 |       0 |   0.0
      Orc:2 |     837 |   17875 |  95.5 |       7 |      70 |  90.9
   Vaults:1 |   27733 |   14759 |  34.7 |      41 |      19 |  31.7
   Gauntlet |       0 |    3872 | 100.0 |       0 |      14 | 100.0
            +---------+---------+-------+---------+---------+-------
